Map: Abyssal Reef LE

Players

Snute - Winner!

  • Race: Zerg Zerg
  • Spawn Location: 5:00

TIME (Oliveira)

  • Race: Terran Terran
  • Spawn Location: 11:00

Event: WCS Austin 2017

VOD

Have the link to the VOD?

Description

Time

  • Played on: April 28, 2017, 10:38 p.m.
  • Length: 11:40

All games in this series

Show
View Real Time Build Order
Export as new Build Order

Snute Zerg - Winner!

Build Orders: Hatch First 

Get SALT Encoding   

  12  0:00  Drone  
  13  0:12  Overlord  
  13  0:17  Drone  
  14  0:30  Drone x2  
  14  0:34  Drone  
  17  0:52  Hatchery  
  17  0:54  Drone  
  17  0:57  Drone  
  17  0:59  Extractor  
  17  1:13  Spawning Pool  
  17  1:16  Drone  
  17  1:19  Drone  
  18  1:28  Drone  
  19  1:38  Overlord  
  19  1:49  Drone  
  20  1:59  Queen  
  20  2:00  Zergling x2, Metabolic Boost  
  23  2:03  Queen  
  23  2:07  Zergling x2  
  26  2:10  Zergling x2  
  26  2:14  Drone  
  28  2:21  Drone  
  29  2:26  Drone  
  30  2:35  Extractor  
  29  2:42  Queen  
  31  2:45  Overlord  
  31  2:46  Drone x2  
  31  2:48  Drone  
  34  2:53  Drone  
  35  2:59  Overlord  
  35  3:05  Drone  
  36  3:09  Drone  
  36  3:12  Drone x3  
  40  3:17  Extractor  
  40  3:19  Queen x2  
  39  3:23  Drone x3  
  46  3:29  Overlord  
  46  3:30  Drone x2  
  46  3:44  Drone  
  46  3:45  Hatchery  
  46  3:46  Zergling x2  
  47  3:50  Zergling x2  
  47  3:52  Zergling x4  
  50  3:58  Drone x2  
  50  3:59  Drone x3  
  55  4:06  Drone  
  55  4:09  Queen  
  56  4:12  Drone  
  56  4:16  Drone  
  60  4:20  Overlord  
  60  4:21  Overlord, Extractor  
  60  4:22  Queen, Extractor  
  62  4:32  Overlord  
  60  4:39  Zergling x2  
  60  4:40  Zergling x8  
  61  4:50  Drone  
  61  4:51  Drone  
  61  4:54  Drone  
  61  4:55  Drone x3  
  61  4:57  Drone  
  66  5:08  Zergling x6  
  66  5:09  Queen x2  
  66  5:10  Queen  
  66  5:13  Zergling x2  
  76  5:17  Zergling x2  
  77  5:22  Overlord  
  77  5:27  Drone  
  77  5:28  Drone x5  
  83  5:32  Drone x2  
  84  5:36  Drone  
  84  5:37  Roach Warren  
  84  5:45  Queen  
  84  5:46  Extractor  
  84  5:49  Evolution Chamber x2  
  83  5:50  Drone x5  
  83  5:53  Drone x5  
  93  5:59  Spore Crawler  
  93  6:00  Spore Crawler  
  93  6:01  Spore Crawler  
  93  6:02  Drone x2  
  93  6:03  Drone  
  93  6:15  Drone x4  
  97  6:19  Overlord, Hatchery  
  97  6:20  Overlord  
  97  6:25  Zerg Missile Weapons Level 1, Zerg Ground Armor Level 1  
  96  6:27  Overlord  
  96  6:28  Overlord  
  96  6:36  Overlord x2  
  96  6:38  Lair  
  96  6:39  Roach x2  
  100  6:40  Roach  
  100  6:43  Roach  
  100  6:44  Roach  
  100  6:45  Extractor  
  105  6:47  Roach x2  
  105  6:50  Extractor  
  105  6:52  Roach  
  110  6:56  Roach  
  112  7:04  Roach x2  
  116  7:10  Drone x2  
  116  7:11  Drone, Extractor  
  116  7:12  Drone  
  116  7:13  Roach x2  
  116  7:15  Drone x3  
  125  7:16  Drone  
  125  7:17  Extractor  
  126  7:25  Roach x5  
  126  7:28  Roach x2  
  140  7:33  Roach x2  
  142  7:41  Glial Reconstitution  
  142  7:47  Zergling x20  
  143  8:03  Drone x8  
  147  8:07  Roach x2  
  147  8:08  Ravager  
  147  8:09  Ravager  
  147  8:10  Drone  
  151  8:17  Drone  
  151  8:18  Overlord x4  
  152  8:20  Zerg Ground Armor Level 2  
  152  8:21  Infestation Pit  
  152  8:22  Extractor  
  152  8:23  Extractor, Spore Crawler  
  152  8:24  Overlord  
  146  8:30  Drone x8  
  146  8:32  Zerg Missile Weapons Level 2  
  149  8:48  Ravager  
  150  8:49  Hatchery  
  149  8:58  Spore Crawler  
  149  8:59  Hive  
  149  9:00  Spore Crawler  
  149  9:02  Spire  
  146  9:05  Overseer x3, Pneumatized Carapace  
  146  9:07  Roach x4  
  148  9:18  Overlord  
  148  9:19  Infestor  
  148  9:20  Spore Crawler  
  151  9:24  Roach x7  
  163  9:32  Infestor  
  164  9:42  Infestor  
  166  9:56  Burrow  
  166  9:57  Roach x7  
  182  10:01  Ravager  
  182  10:05  Ravager  
  182  10:06  Ravager x2  
  184  10:07  Ravager  
  185  10:16  Greater Spire  
  185  10:17  Extractor  
  185  10:18  Extractor  
  181  10:34  Drone x5  
  181  10:35  Drone x4  
  180  10:40  Drone x2  
  180  10:41  Drone x5  
  180  10:42  Overlord  
  179  11:01  Overseer  
  159  11:07  Drone x10  
  159  11:08  Drone x6  
  159  11:09  Drone  
Show
View Real Time Build Order
Export as new Build Order

TIME Terran 

Build Orders: Reaper Expand, Hellion Banshee, MMM Bio 

Get SALT Encoding   

  12  0:00  SCV  
  13  0:12  SCV  
  14  0:17  Supply Depot  
  14  0:25  SCV  
  15  0:29  Refinery  
  15  0:39  SCV  
  16  0:44  Barracks  
  16  0:51  SCV  
  17  1:03  SCV  
  18  1:15  SCV  
  19  1:31  Orbital Command  
  19  1:32  Reaper  
  20  1:44  Command Center  
  20  1:55  Factory  
  20  1:57  SCV  
  21  2:05  Barracks Reactor  
  21  2:09  SCV  
  21  2:14  Supply Depot  
  21  2:15  Refinery  
  22  2:21  SCV  
  23  2:35  SCV  
  24  2:44  Starport  
  24  2:47  Hellion x2  
  24  2:49  SCV  
  29  2:52  Barracks Tech Lab  
  29  2:58  Orbital Command  
  29  3:02  SCV  
  30  3:09  Hellion  
  30  3:11  Hellion  
  34  3:14  SCV  
  35  3:24  Medivac  
  35  3:25  SCV  
  38  3:30  Hellion  
  38  3:34  SCV  
  38  3:40  Hellion  
  41  3:44  SCV  
  42  3:48  Supply Depot  
  42  3:55  Supply Depot  
  42  4:00  SCV  
  42  4:02  Raven  
  45  4:05  SCV  
  46  4:10  Hellion x2  
  50  4:19  SCV  
  50  4:22  SCV  
  50  4:23  Armory  
  52  4:26  Supply Depot  
  52  4:31  Hellion x2, SCV  
  53  4:38  SCV  
  58  4:43  SCV  
  58  4:45  Banshee  
  62  4:50  Marine, SCV  
  64  4:53  Hellion x2  
  64  4:55  SCV  
  69  5:02  SCV  
  70  5:07  Supply Depot  
  70  5:09  Barracks Tech Lab  
  70  5:12  Supply Depot  
  70  5:23  Hellion x3  
  70  5:28  SCV x2  
  67  5:37  Marine  
  67  5:38  Stimpack  
  67  5:40  SCV  
  67  5:42  SCV  
  68  5:45  Barracks x2  
  68  5:46  Command Center  
  68  5:47  Starport Reactor, Engineering Bay  
  68  5:48  Factory Reactor, Engineering Bay  
  68  5:52  Refinery  
  68  5:53  Refinery, SCV  
  68  5:54  SCV  
  70  5:59  Marine  
  71  6:05  SCV  
  71  6:06  Supply Depot  
  71  6:07  SCV  
  73  6:14  Terran Infantry Armor Level 1, Terran Infantry Weapons Level 1  
  73  6:17  SCV  
  72  6:19  SCV  
  72  6:20  Marine  
  74  6:29  SCV  
  74  6:30  Medivac x2, Barracks  
  74  6:31  Barracks  
  74  6:32  Marine  
  80  6:33  Combat Shields  
  80  6:35  Marine  
  80  6:36  Marine  
  80  6:38  SCV  
  83  6:40  Widow Mine x2  
  83  6:41  Marine  
  88  6:48  SCV  
  88  6:50  Marine  
  88  6:52  Terran Vehicle Weapons Level 1  
  88  6:53  Marine  
  91  6:56  SCV  
  91  6:59  Orbital Command  
  91  7:00  Marine, SCV  
  94  7:05  Medivac x2, Marauder  
  100  7:09  SCV  
  100  7:10  Marauder  
  100  7:12  Supply Depot  
  100  7:14  Marine  
  105  7:19  Barracks Reactor  
  105  7:20  Barracks Reactor  
  105  7:22  Barracks  
  104  7:23  Barracks  
  104  7:24  Marine  
  104  7:26  Marine  
  103  7:30  SCV  
  103  7:31  Marine x2  
  103  7:33  SCV  
  103  7:35  SCV  
  106  7:42  Marine, SCV  
  106  7:43  Marine  
  109  7:49  SCV  
  109  7:50  Widow Mine x2, Marine x2, SCV  
  114  7:57  Marine  
  101  7:58  SCV  
  101  8:01  Marine, SCV  
  101  8:02  Marauder  
  101  8:04  Marine x2  
  101  8:05  Marine  
  102  8:06  SCV  
  102  8:10  Barracks Reactor, Barracks Tech Lab  
  102  8:11  SCV  
  102  8:12  Marine  
  101  8:13  Marine  
  101  8:15  Terran Infantry Weapons Level 2, Marine  
  101  8:18  Terran Infantry Armor Level 2  
  103  8:21  SCV  
  103  8:22  SCV  
  103  8:26  Marine  
  106  8:27  Marine  
  106  8:30  Marine, SCV  
  109  8:39  Supply Depot x2  
  109  8:42  Supply Depot  
  109  8:45  Marine x2  
  109  9:00  Medivac x2, Marine x3, SCV  
  109  9:01  Marauder x2, Marine x2, SCV x2  
  125  9:03  Widow Mine  
  125  9:04  Marine x2  
  125  9:07  Marine  
  130  9:10  Marine  
  130  9:13  SCV  
  130  9:16  Widow Mine  
  130  9:18  Marine  
  130  9:21  Supply Depot x2  
  130  9:22  Supply Depot  
  130  9:23  Supply Depot  
  133  9:42  Medivac x2, Marine x7  
  133  9:43  Marauder x2  
  147  9:50  Marine  
  147  9:51  Widow Mine x2, Marauder  
  150  10:00  Marine  
  150  10:03  Marine x2  
  150  10:04  Marauder, Marine x2  
  157  10:08  SCV x2  
  157  10:10  Refinery x2  
  157  10:12  Supply Depot, Marine  
  160  10:14  Command Center  
  160  10:15  Marine  
  160  10:16  Marauder  
  160  10:17  Marine  
  163  10:23  Marine  
  163  10:25  Marine  
  163  10:27  Marauder x2  
  165  10:30  Liberator x2  
  165  10:32  Marine  
  157  10:37  Marauder  
  157  10:41  Marine  
  158  10:43  Marine  
  158  10:46  Marine  
  158  10:48  Marauder x2  
  158  10:49  Marine  
  136  10:53  SCV x2  
  136  10:54  SCV  
  136  10:55  Marine x2  
  129  10:57  Marine  
  129  10:58  Marine  
  129  10:59  Marine  
  129  11:04  Marauder, Marine x2  
  122  11:06  SCV  
  122  11:07  Marine  
  112  11:15  Marine  
  112  11:18  Marauder, Marine  
  111  11:22  Marine  
Tags
 
Add a new tag
Caveats
  • Supply blocks, unpowered buildings, or Contaminate may cause inaccurate times.
  • Supply counts are checked every 10 seconds.